 Dungeon Crawl Stone Soup version 0.29-a0-330-g52719c12eb (webtiles) character file.

Game seed: 2250485800700597313

1626 Ajdolov the Covert (level 9, 0/48 HPs)
             Began as a Kobold Brigand on May 3, 2022.
             Was a Follower of Dithmenos.
             Slain by an orc warrior
             ... wielding a +0 halberd
              (9 damage)
             ... in a bailey.
             The game lasted 00:13:44 (7035 turns).

Ajdolov the Covert (Kobold Brigand)                 Turns: 7035, Time: 00:13:45

Health: 0/48       AC:  7    Str:  9    XL:     9   Next: 17%
Magic:  9/9        EV: 14    Int: 12    God:    Dithmenos [*.....]
Gold:   2233       SH:  0    Dex: 23    Spells: 8/8 levels left

rFire   + . .      SeeInvis .   j - +5 quick blade (venom)
rCold   . . .      Faith    .   (no shield)
rNeg    . . .      Spirit   .   a - +2 robe {rF+}
rPois   +          Reflect  .   (no helmet)
rElec   .          Harm     .   c - +0 cloak
rCorr   .          Rampage  .   (no gloves)
Will    .....                   p - +1 pair of boots {Stlth+}
Stlth   +++++++++.              x - amulet of Untruth {rPois Regen+ Dex+3}
HPRegen 0.96/turn               (no ring)
MPRegen 0.11/turn               (no ring)

@: wreathed by umbra
A: small, no large weapons, nightstalker 3
a: Renounce Religion


You were in a bailey.
You worshipped Dithmenos.
Dithmenos was aware of your devotion.
You visited 2 branches of the dungeon, and saw 8 of its levels.
You also visited: Bailey.

You collected 2233 gold pieces.

Inventory:

Hand Weapons
 j - a +5 quick blade of venom (weapon)
Missiles
 d - 13 poisoned darts (quivered)
Armour
 a - a +2 robe of fire resistance (worn)
 c - a +0 cloak (worn)
 p - a +1 pair of boots of stealth (worn)
 y - a +0 buckler
Jewellery
 x - the amulet of Untruth (around neck) {rPois Regen+ Dex+3}
   (You found it on level 4 of the Dungeon)

   [amulet of regeneration]

   Dex:       It affects your dexterity (+3).
   rPois:     It protects you from poison.
   Regen:     It increases your rate of health regeneration.
Wands
 o - a wand of iceblast (1)
 B - a wand of mindburst (5)
 D - a wand of charming (13)
 G - a wand of flame (50)
Scrolls
 g - 2 scrolls of torment
 k - 5 scrolls of teleportation
 n - 2 scrolls of fog
 q - a scroll of holy word
 r - a scroll of noise
 C - a scroll of summoning
 F - a scroll of vulnerability
Potions
 b - 3 potions of magic {unknown}
 f - a potion of brilliance {unknown}
 h - 9 potions of heal wounds
 i - 3 potions of cancellation {unknown}
 l - 5 potions of haste {unknown}
 m - a potion of invisibility {unknown}
 s - 2 potions of might {unknown}
 u - 3 potions of lignification
 v - a potion of flight {unknown}
 w - a potion of attraction {unknown}
 z - a potion of degeneration {unknown}
 A - 2 potions of curing {unknown}


   Skills:
 - Level 2.1 Fighting
 - Level 10.0 Short Blades
 - Level 2.1 Throwing
 - Level 1.2 Dodging
 * Level 12.7 Stealth


You had 8 spell levels left.
You didn't know any spells.
Your spell library contained the following spells:

 Spells                   Type           Power      Damage    Failure   Level
 Animate Skeleton         Necr           0%         N/A       32%         1
 Apportation              Tloc           0%         N/A       32%         1
 Pain                     Necr           0%         1d4       32%         1
 Summon Small Mammal      Summ           0%         N/A       32%         1
 Sublimation of Blood     Necr           0%         N/A       45%         2
 Gell's Gravitas          Tloc           0%         N/A       69%         3
 Ignite Poison            Fire/Tmut/Pois 0%         N/A       69%         3
 Inner Flame              Hex/Fire       0%         N/A       69%         3
 Mephitic Cloud           Conj/Pois/Air  0%         N/A       69%         3
 Teleport Other           Tloc           0%         N/A       69%         3
 Airstrike                Air            0%         N/A       97%         4
 Cause Fear               Hex            0%         N/A       97%         4
 Petrify                  Tmut/Erth      0%         N/A       97%         4
 Summon Lightning Spire   Summ/Air       0%         N/A       97%         4
 Agony                    Necr           0%         N/A       100%        5
 Excruciating Wounds      Necr           0%         N/A       100%        5
 Freezing Cloud           Conj/Ice/Air   0%         6-21      100%        5
 Irradiate                Conj/Tmut      0%         3d13      100%        5
 Iskenderun's Battlesphe  Conj           0%         2d6       100%        5
 Lightning Bolt           Conj/Air       0%         1d11      100%        5
 Dispersal                Tloc           0%         N/A       100%        6
 Iron Shot                Conj/Erth      0%         9d1       100%        6
 Spellforged Servitor     Conj/Summ      0%         N/A       100%        7
 Discord                  Hex            0%         N/A       100%        8


Dungeon Overview and Level Annotations

Branches:
Dungeon (7/15)             Temple (1/1) D:4          Bailey (1/1)

Altars:
Ashenzari
Dithmenos
Elyvilon
Fedhas
Gozag
Nemelex Xobeh
Okawaru
Qazlal
Ru
Zin
The Shining One


Innate Abilities, Weirdness & Mutations

You are small and have problems with some larger weapons.
You are completely attuned to the shadows.


Message History

You kill the orc warrior!
Dithmenos accepts your kill.
The orc knight roars a battlecry!
Aiming: Iceblast
Press: ? - help, Shift-Dir - straight line, f - orc warrior
Aim: an orc warrior, wielding a +0 halberd and wearing a +0 plate armour (lightly wounded, strong)
The mass of ice explodes!
The iceblast engulfs the orc warrior!
The orc warrior is moderately wounded.
The iceblast engulfs the orc knight!
The orc knight is lightly wounded.
Throw: 3 darts (curare)
Press: ? - help, Shift-Dir - straight line, f/p - orc warrior
Aim: an orc warrior, wielding a +0 halberd and wearing a +0 plate armour (moderately wounded, strong, 65% to hit)
You throw a curare-tipped dart.
The curare-tipped dart hits the orc knight.
The orc knight is poisoned.
The orc knight convulses.
The orc knight seems to slow down.
The orc knight is moderately wounded.
You don't have any such object.
Fire/throw which item? ([*] to toggle full inventory view, [\] to toss any item) (? for menu, Esc to quit)
Okay, then.
Throw: 2 darts (curare)
Press: ? - help, Shift-Dir - straight line, f - orc knight
Aim: an orc knight, wielding a +0 halberd and wearing a +0 chain mail (moderately wounded, poisoned, 62% to hit)
You throw a curare-tipped dart.
The curare-tipped dart closely misses the orc knight.
Unknown command.
Throw: dart (curare)
Press: ? - help, Shift-Dir - straight line, f/p - orc knight
Aim: an orc knight, wielding a +0 halberd and wearing a +0 chain mail (moderately wounded, poisoned, 62% to hit)
You throw a curare-tipped dart.
The curare-tipped dart hits the orc knight.
The orc knight looks even sicker.
The orc knight convulses.
The orc knight seems to slow down.
The orc knight is heavily wounded.
The orc knight hits you from afar with a +0 halberd!!
The orc knight hits you from afar with a +0 halberd!!
* * * LOW HITPOINT WARNING * * *
The orc warrior hits you from afar with a +0 halberd!
You die...

#######
##..∩..##
#.......#
#∩.....∩#
#..o....#
#....(..#
#..#.#(.#
#@##8##.#
#..#.#..#
#..o....#
#.).))..#
#.)).)..#
##)..o.##
###)###
#.o.#
#..o#


You could see an orc knight (very poisoned, slow) and an orc warrior.

Vanquished Creatures
  Pikel (D:6)
  An orc warrior (Bailey)
  An ice beast (D:5)
  3 ogres
  3 lemures (D:6)
  A necrophage (D:6)
  2 scorpions
  2 howler monkeys
  2 hounds (D:6)
  Ijyb (D:3)
  2 iguanas
  2 orc wizards
  3 gnolls (D:5)
  11 adders
  3 worms
  3 dart slugs
  31 orcs
  7 bats
  8 endoplasms
  2 giant cockroaches
  14 goblins
  4 hobgoblins
  A quokka (D:5)
  8 ball pythons
  2 frilled lizards (D:3)
  10 kobolds
  8 rats
136 creatures vanquished.

Vanquished Creatures (others)
  10 plants (D:2)
10 creatures vanquished.

Grand Total: 146 creatures vanquished

Notes
Turn   | Place    | Note
-------+----------+-------------------------------------------
     0 | D:1      | Ajdolov the Kobold Brigand began the quest for the Orb.
     0 | D:1      | Reached XP level 1. HP: 12/12 MP: 1/1
    83 | D:1      | Reached XP level 2. HP: 10/17 MP: 2/2
   672 | D:1      | Reached skill level 6 in Stealth
   725 | D:1      | Found a faded altar of an unknown god.
  1049 | D:2      | Reached XP level 3. HP: 21/21 MP: 3/3
  1063 | D:2      | You fall into a shaft and drop 1 floor!
  1390 | D:3      | Noticed Ijyb
  1394 | D:3      | Killed Ijyb
  1395 | D:3      | Reached XP level 4. HP: 26/26 MP: 4/4
  1489 | D:3      | Reached skill level 7 in Stealth
  1869 | D:2      | Found an opulent altar of Gozag.
  2402 | D:2      | Reached XP level 5. HP: 30/30 MP: 5/5
  2845 | D:3      | Reached skill level 8 in Stealth
  3012 | D:3      | Reached XP level 6. HP: 27/35 MP: 2/6
  3130 | D:3      | Reached skill level 5 in Short Blades
  3364 | D:3      | Reached skill level 9 in Stealth
  3881 | D:4      | Found a staircase to the Ecumenical Temple.
  3887 | Temple   | Entered the Ecumenical Temple
  4036 | Temple   | Became a worshipper of Dithmenos the Shadowed
  4127 | D:4      | Noticed an ogre
  4168 | D:4      | Killed an ogre
  4370 | D:4      | Reached XP level 7. HP: 38/40 MP: 5/7
  4660 | D:4      | Identified the amulet of Untruth {rPois Regen+ Dex+3}
  5068 | D:5      | Entered Level 5 of the Dungeon
  5328 | D:5      | Reached skill level 10 in Stealth
  5388 | D:5      | Reached * piety under Dithmenos
  5800 | D:5      | Reached XP level 8. HP: 44/44 MP: 8/8
  6689 | D:6      | Identified 3 scrolls of acquirement
  6696 | D:6      | Acquired 1132 gold pieces
  6698 | D:6      | Acquired a +5 quick blade
  6706 | D:6      | Acquired 737 gold pieces
  6726 | D:7      | Found a flagged portal.
  6726 | D:7      | Noticed Pikel
  6829 | D:6      | Killed Pikel
  6830 | D:6      | Reached skill level 10 in Short Blades
  6830 | D:6      | Reached skill level 12 in Stealth
  6830 | D:6      | Reached XP level 9. HP: 42/48 MP: 9/9
  6871 | Bailey   | Entered a bailey
  6977 | Bailey   | Noticed an orc knight
  7035 | Bailey   | Slain by an orc warrior

Illustrated notes

Levels and vault maps discovered:
D:1:      heliophobic_arrival_ceremonial_halls, layout_loops_ring,
          hellmonk_ecumenical_altar_zigzags, minmay_hexomino_u4
D:2:      layout_rooms, basic_altar, serial_bayou_lagoon_a
D:3:      minmay_angry_zag, layout_basic, uniq_ijyb
D:4:      layout_loops_cross, minmay_temple_entry_mist
D:5:      layout_loops_ring
D:6:      layout_loops_ring
D:7:      layout_gridville, old_standard_altar, cheibrodos_worm_habitat,
          enter_bailey_5, nrook_mini_vaults, uniq_pikel
Temple:   jpeg_temple_alley_garden
Bailey:   bailey_polearm_5, bailey

Skill      XL: |  1  2  3  4  5  6  7  8 |
---------------+-------------------------+-----
Short Blades   | 3 4 5 7 10 | 10.0
Stealth        | 6 7 8 9 10 12 | 12.7
Fighting       | |  2.1
Throwing       | |  2.1
Dodging        | |  1.2

Action                   |  1- 3 |  4- 6 |  7- 9 || total
-------------------------+-------+-------+-------++-------
Melee: Dagger            |    45 |   145 |   183 ||   373
       Punch             |       |     1 |     2 ||     3
       Quick blade       |       |       |    68 ||    68
Throw: Dart              |       |     3 |     3 ||     6
Evoke: Wand              |       |     2 |     6 ||     8
  Use: Scroll            |       |       |    17 ||    17
 Stab: Sleeping          |    14 |    23 |    22 ||    59
       Distracted        |       |       |     1 ||     1
Armor: Robe              |    10 |    29 |    23 ||    62
Dodge: Dodged            |    32 |    86 |   125 ||   243

Table legend: (Time is in decaauts)
 A = Elapsed time spent in this place.
 B = Non-inter-level travel time spent in this place.
 C = Inter-level travel time spent in this place.
 D = Time resting spent in this place.
 E = Time spent auto-exploring this place.
 F = Levels seen in this place.
 G = Mean time per level.
                   A        B        C        D        E       F      G
               +--------+--------+--------+--------+--------+-----+--------+
         Total |   6900 |   6607 |    293 |    529 |   4629 |   9 |  766.7 |
       Dungeon |   6579 |   6314 |    265 |    522 |   4507 |   7 |  939.9 |
        Temple |    178 |    150 |     28 |      0 |    116 |   1 |  178.0 |
        Bailey |    142 |    142 |      0 |      7 |      6 |   1 |  142.0 |
               +--------+--------+--------+--------+--------+-----+--------+

Top non-repeatable levels by time:
     D:3: 1950 daAuts
     D:1: 1043 daAuts
     D:4: 1040 daAuts
     D:5: 838 daAuts
     D:2: 820 daAuts
     D:6: 819 daAuts
  Temple: 178 daAuts
  Bailey: 142 daAuts
     D:7: 67 daAuts
